| TOP OF THE 1ST |
|
Rice University Owls batting - Pitching for Stanford University Cardinal : RHP Joe Kill
|
|
Pitching: RHP Joe Kill
|
|
|
Batting: RHB Caleb Mercer
|
0-0: Ball 1-0: Called Strike 1-1: Ball 2-1: Foul Ball, location: 2F 2-2: Foul Ball, location: 2F 2-2: Foul Ball, location: 2F 2-2: SINGLE (Line Drive, 6MD, EV 95.6 MPH)
|
|
Batting: RHB Javier Quinones
|
0-0: Foul Ball, location: 2F 0-1: Foul Ball, location: 2F 0-2: Ball 1-2: Ball 2-2: Foul Ball, location: 2F 2-2: Ball 3-2: Base on Balls Caleb Mercer to second
|
|
Batting: RHB Jose Soto
|
0-0: Called Strike 0-1: Foul Ball, location: 2F 0-2: DOUBLE (Line Drive, 5D, EV 95.6 MPH) Caleb Mercer scores Javier Quinones to third
|
|
Batting: LHB Sergio Becerra
|
0-0: Called Strike 0-1: SINGLE (Flyball, 34D, EV 91.9 MPH) Javier Quinones scores Jose Soto to third
|
|
Batting: SHB Ken Wilson
|
0-0: Called Strike 0-1: Called Strike 0-2: Strikes out swinging
|
|
Batting: SHB Dave Van Sickle
|
0-0: Ball 1-0: Ball 2-0: Ball 3-0: Base on Balls Sergio Becerra to second
|
|
Batting: RHB Alex Alvarez
|
0-0: Swinging Strike 0-1: Ball 1-1: Called Strike 1-2: Foul Ball, location: 2F 1-2: Ball 2-2: Strikes out swinging
|
|
Batting: LHB Aldred Lieshout
|
0-0: Called Strike 0-1: Ball 1-1: Swinging Strike 1-2: Ball 2-2: Foul Ball, location: 2F 2-2: Foul Ball, location: 2F 2-2: Ball 3-2: Fly out, F9 (Flyball, 9, EV 80.6 MPH)
|
| Top of the 1st over - 2 runs, 3 hits, 0 errors, 3 left on base; Rice University 2 - Stanford University 0 |
| BOTTOM OF THE 1ST |
|
Stanford University Cardinal batting - Pitching for Rice University Owls : LHP Lucila Renteria
|
|
Pitching: LHP Lucila Renteria
|
|
|
Batting: RHB John Van der Linden
|
0-0: Ball 1-0: Ball 2-0: Foul Ball, location: 2F 2-1: Swinging Strike 2-2: Ball 3-2: Fly out, F8 (Flyball, 8RD, EV 93.8 MPH)
|
|
Batting: RHB Josh Benefield
|
0-0: Called Strike 0-1: Ground out 2-3 (Groundball, 2R, EV 66.9 MPH)
|
|
Batting: RHB Joe Petley
|
0-0: Called Strike 0-1: Called Strike 0-2: Foul Ball, location: 2F 0-2: Ball 1-2: Strikes out looking
|
| Bottom of the 1st over - 0 runs, 0 hits, 0 errors, 0 left on base; Rice University 2 - Stanford University 0 |
| TOP OF THE 2ND |
|
Rice University Owls batting - Pitching for Stanford University Cardinal : RHP Joe Kill
|
|
Batting: RHB Allen Jarvis
|
0-0: Called Strike 0-1: Swinging Strike 0-2: Ball 1-2: Ball 2-2: Ball 3-2: Strikes out looking
|
|
Batting: RHB Caleb Mercer
|
0-0: Called Strike 0-1: Foul Ball, location: 2F 0-2: Foul Ball, location: 2F 0-2: DOUBLE (Line Drive, 78D, EV 106.2 MPH)
|
|
Batting: RHB Javier Quinones
|
0-0: Called Strike 0-1: SINGLE (Line Drive, 5D, EV 96.9 MPH) Caleb Mercer to third Runner from 3rd tries for Home, SAFE, throw by LF to home
|
|
Batting: RHB Jose Soto
|
0-0: Ball 1-0: Called Strike 1-1: Fly out, F8 (Flyball, 8RS, EV 77.5 MPH)
|
|
Batting: LHB Sergio Becerra
|
0-0: Ground out U3 (Groundball, 3S, EV 81.9 MPH)
|
| Top of the 2nd over - 1 run, 2 hits, 0 errors, 1 left on base; Rice University 3 - Stanford University 0 |
| BOTTOM OF THE 2ND |
|
Stanford University Cardinal batting - Pitching for Rice University Owls : LHP Lucila Renteria
|
|
Batting: LHB Donny Kleinjan
|
0-0: Called Strike 0-1: Ball 1-1: Called Strike 1-2: Foul Ball, location: 2F 1-2: Foul Ball, location: 2F 1-2: Ball 2-2: Ball 3-2: Foul Ball, location: 2F 3-2: SOLO HOME RUN (Flyball, 9LD, EV 94.4 MPH), Distance : 340 ft
|
|
Batting: LHB Chien Sam
|
0-0: Called Strike 0-1: Called Strike 0-2: Ball 1-2: Ball 2-2: SINGLE (Groundball, 34D, EV 105.0 MPH)
|
|
Batting: LHB Bryan Davidson
|
0-0: Ball 1-0: SINGLE (Groundball, 4MD, EV 108.1 MPH) Chien Sam to second
|
|
Batting: LHB Caleb Hartwell
|
0-0: Called Strike 0-1: SINGLE (Flyball, 78S, EV 88.1 MPH) Chien Sam to third Bryan Davidson to second
|
|
Batting: RHB Dzevat Koljevic
|
0-0: Swinging Strike 0-1: Ball 1-1: Swinging Strike 1-2: Strikes out swinging
|
|
Batting: LHB Mike Keating
|
0-0: Ball 1-0: Called Strike 1-1: Ball 2-1: Foul Ball, location: 2F 2-2: SINGLE (Groundball, 34D, EV 106.2 MPH) Chien Sam scores Bryan Davidson to third Caleb Hartwell to second
|
|
Batting: RHB John Van der Linden
|
0-0: Ball 1-0: Fly out, F7 (Flyball, 7D, EV 96.2 MPH) Runner from 3rd tags up, SCORES, no throw by LF
|
|
Batting: RHB Josh Benefield
|
0-0: Ball 1-0: Ball 2-0: Fly out, F3 (Line Drive, 3, EV 67.5 MPH)
|
| Bottom of the 2nd over - 3 runs, 5 hits, 0 errors, 2 left on base; Rice University 3 - Stanford University 3 |
| TOP OF THE 3RD |
|
Rice University Owls batting - Pitching for Stanford University Cardinal : RHP Joe Kill
|
|
Batting: SHB Ken Wilson
|
0-0: Ground out U3 (Groundball, 3, EV 80.6 MPH)
|
|
Batting: SHB Dave Van Sickle
|
0-0: Ball 1-0: Called Strike 1-1: Called Strike 1-2: Ball 2-2: Ball 3-2: Base on Balls
|
|
Batting: RHB Alex Alvarez
|
0-0: DOUBLE (Line Drive, 9LD, EV 109.4 MPH) Dave Van Sickle to third Runner from 3rd tries for Home, SAFE, throw by RF to trailing runner, SAFE at third!
|
|
Batting: LHB Aldred Lieshout
|
0-0: Ball 1-0: Foul Ball, location: 2F 1-1: SINGLE (Flyball, 3D, EV 85.6 MPH) Alex Alvarez scores
|
|
Pitching: RHP Dante Verduzco
|
|
|
Batting: RHB Allen Jarvis
|
0-0: Ball 1-0: Ball 2-0: Called Strike 2-1: Reached on error, E6 (Groundball, 6, EV 90.6 MPH) Aldred Lieshout to second
|
|
Pinch Hitting: LHB Chris Gonzales
|
0-0: Fielders Choice at 2nd, 4-6 (Groundball, 4, EV 104.4 MPH) Aldred Lieshout to third
|
|
Pinch Hitting: RHB Emanuel Pulido
|
0-0: Ball 1-0: Called Strike 1-1: Ball 2-1: SINGLE (Flyball, 8RS, EV 88.8 MPH) Aldred Lieshout scores Chris Gonzales to second Runner from 2nd tries for 3rd, SAFE, throw by CF made to third
|
|
Batting: RHB Jose Soto
|
0-0: Ball 1-0: Called Strike 1-1: Ball 2-1: Ball 3-1: Called Strike 3-2: Ground out 4-3 (Groundball, 4, EV 104.4 MPH)
|
| Top of the 3rd over - 3 runs, 3 hits, 1 error, 2 left on base; Rice University 6 - Stanford University 3 |
| BOTTOM OF THE 3RD |
|
Stanford University Cardinal batting - Pitching for Rice University Owls : LHP Lucila Renteria
|
|
Now at 3B: Emanuel Pulido
|
|
|
Now in CF: Chris Gonzales
|
|
|
Batting: RHB Joe Petley
|
0-0: Ball 1-0: Ball 2-0: Foul Ball, location: 2F 2-1: Ball 3-1: Called Strike 3-2: Foul Ball, location: 2F 3-2: Foul Ball, location: 2F 3-2: Foul Ball, location: 2F 3-2: SINGLE (Line Drive, 89S, EV 106.2 MPH)
|
|
Batting: LHB Donny Kleinjan
|
0-0: Ball 1-0: Ball 2-0: Fly out, F3 (Line Drive, 34, EV 60.0 MPH)
|
|
Batting: LHB Chien Sam
|
0-0: Ball 1-0: Swinging Strike 1-1: Called Strike 1-2: Foul Ball, location: 2F 1-2: Foul Ball, location: 2F 1-2: Ball 2-2: SINGLE (Groundball, 4MD, EV 103.8 MPH) Joe Petley to second
|
|
Batting: LHB Bryan Davidson
|
0-0: Called Strike 0-1: Ball 1-1: Called Strike 1-2: Strikes out swinging
|
|
Pitching: RHP Bill Lightheart
|
|
|
Batting: LHB Andy Swan
|
0-0: Swinging Strike 0-1: Ball 1-1: Foul Ball, location: 2F 1-2: Fielders Choice at 2nd, 5-4 (Groundball, 56, EV 87.5 MPH)
|
| Bottom of the 3rd over - 0 runs, 2 hits, 0 errors, 2 left on base; Rice University 6 - Stanford University 3 |
| TOP OF THE 4TH |
|
Rice University Owls batting - Pitching for Stanford University Cardinal : RHP Dante Verduzco
|
|
Pinch Hitting: SHB Wendel van Baal
|
0-0: Ball 1-0: Swinging Strike 1-1: Fly out, F4 (Line Drive, 4, EV 65.6 MPH)
|
|
Batting: LHB Jose Ruiz
|
0-0: Ball 1-0: Ball 2-0: Ball 3-0: Called Strike 3-1: Base on Balls
|
|
Batting: SHB Dave Van Sickle
|
0-0: Ball 1-0: Ball 2-0: Fly out, F7 (Flyball, 7D, EV 98.1 MPH)
|
|
Batting: RHB Alex Alvarez
|
0-0: Ball 1-0: Swinging Strike 1-1: Ball 2-1: Called Strike 2-2: Fly out, F4 (Popup, 3D, EV 59.4 MPH)
|
| Top of the 4th over - 0 runs, 0 hits, 0 errors, 1 left on base; Rice University 6 - Stanford University 3 |
| BOTTOM OF THE 4TH |
|
Stanford University Cardinal batting - Pitching for Rice University Owls : RHP Bill Lightheart
|
|
Now at 1B: Neil Worth
|
|
|
Batting: RHB Dzevat Koljevic
|
0-0: Ball 1-0: Called Strike 1-1: Fly out, F9 (Line Drive, 9, EV 91.2 MPH)
|
|
Batting: LHB Mike Keating
|
0-0: Ball 1-0: Ball 2-0: Called Strike 2-1: Called Strike 2-2: Strikes out swinging
|
|
Pinch Hitting: RHB Ted Hickey
|
0-0: SINGLE (Flyball, 9S, EV 90.6 MPH)
|
|
Batting: RHB Josh Benefield
|
0-0: Swinging Strike 0-1: Swinging Strike 0-2: Strikes out swinging
|
| Bottom of the 4th over - 0 runs, 1 hit, 0 errors, 1 left on base; Rice University 6 - Stanford University 3 |
| TOP OF THE 5TH |
|
Rice University Owls batting - Pitching for Stanford University Cardinal : RHP Dante Verduzco
|
|
Now at 2B: Ted Hickey
|
|
|
Batting: LHB Aldred Lieshout
|
0-0: Foul Ball, location: 2F 0-1: Ball 1-1: Foul Ball, location: 2F 1-2: Foul Ball, location: 2F 1-2: Fly out, F6 (Popup, 6MD, EV 72.5 MPH)
|
|
Pitching: RHP John Hollinger
|
|
|
Batting: RHB Allen Jarvis
|
0-0: Swinging Strike 0-1: Foul Ball, location: 2F 0-2: Ball 1-2: Ball 2-2: Ground out 4-3 (Groundball, 4, EV 85.0 MPH)
|
|
Batting: LHB Chris Gonzales
|
0-0: Ball 1-0: Called Strike 1-1: Ball 2-1: Foul Ball, location: 2F 2-2: Strikes out swinging
|
| Top of the 5th over - 0 runs, 0 hits, 0 errors, 0 left on base; Rice University 6 - Stanford University 3 |
| BOTTOM OF THE 5TH |
|
Stanford University Cardinal batting - Pitching for Rice University Owls : RHP Bill Lightheart
|
|
Batting: RHB Joe Petley
|
0-0: Ball 1-0: Called Strike 1-1: Ball 2-1: Called Strike 2-2: Ball 3-2: Foul Ball, location: 2F 3-2: Base on Balls
|
|
Batting: LHB Donny Kleinjan
|
0-0: Ball 1-0: Ball 2-0: Foul Ball, location: 2F 2-1: Called Strike 2-2: Fly out, F8 (Flyball, 8RXD, EV 98.8 MPH)
|
|
Batting: LHB Chien Sam
|
0-0: Ball 1-0: Fielders Choice at 2nd, 1-6 (Groundball, 13S, EV 70.0 MPH)
|
|
Pitching: LHP Bill Cheatham
|
|
|
Batting: LHB Bryan Davidson
|
0-0: Swinging Strike 0-1: Ball 1-1: Ball 2-1: Called Strike 2-2: Ball 3-2: Strikes out swinging
|
| Bottom of the 5th over - 0 runs, 0 hits, 0 errors, 1 left on base; Rice University 6 - Stanford University 3 |
| TOP OF THE 6TH |
|
Rice University Owls batting - Pitching for Stanford University Cardinal : RHP John Hollinger
|
|
Pitching: RHP Kyle Cannon
|
|
|
Batting: RHB Emanuel Pulido
|
0-0: Ball 1-0: DOUBLE (Flyball, 78D, EV 100.6 MPH)
|
|
Batting: RHB Jose Soto
|
0-0: Called Strike 0-1: Foul Ball, location: 2F 0-2: Ball 1-2: Foul Ball, location: 2F 1-2: Strikes out swinging
|
|
Batting: RHB Neil Worth
|
0-0: Called Strike 0-1: Ball 1-1: SINGLE (Groundball, 6MD, EV 100.0 MPH) Emanuel Pulido to third
|
|
Batting: LHB Jose Ruiz
|
0-0: Ground out 5-3 (Groundball, 5, EV 87.5 MPH) Neil Worth to second
|
|
Batting: SHB Dave Van Sickle
|
0-0: Ground out 5-3 (Groundball, 5, EV 102.5 MPH)
|
| Top of the 6th over - 0 runs, 2 hits, 0 errors, 2 left on base; Rice University 6 - Stanford University 3 |
| BOTTOM OF THE 6TH |
|
Stanford University Cardinal batting - Pitching for Rice University Owls : LHP Bill Cheatham
|
|
Now at C: Bill Turcotte
|
|
|
Batting: LHB Andy Swan
|
0-0: Foul Ball, location: 2F 0-1: Ball 1-1: Ball 2-1: Ball 3-1: Ground out 1-3 (Groundball, 13S, EV 62.5 MPH)
|
|
Batting: RHB Dzevat Koljevic
|
0-0: Called Strike 0-1: Ball 1-1: Foul Ball, location: 2F 1-2: Ball 2-2: Ball 3-2: Strikes out swinging
|
|
Pinch Hitting: RHB Joe Gabriel
|
0-0: Ball 1-0: Called Strike 1-1: Hit by Pitch
|
|
Batting: RHB Ted Hickey
|
0-0: Called Strike 0-1: Called Strike 0-2: Ground out U3 (Groundball, 3S, EV 88.1 MPH)
|
| Bottom of the 6th over - 0 runs, 0 hits, 0 errors, 1 left on base; Rice University 6 - Stanford University 3 |
| TOP OF THE 7TH |
|
Rice University Owls batting - Pitching for Stanford University Cardinal : RHP Kyle Cannon
|
|
Pitching: RHP Warren Waldman
|
|
|
Now at C: Mike Gard
|
|
|
Now at 1B: Gary Preston
|
|
|
Now in LF: Bryan Davidson
|
|
|
Now in CF: Joe Gabriel
|
|
|
Batting: RHB Alex Alvarez
|
0-0: Ball 1-0: Foul Ball, location: 2F 1-1: Ground out 4-3 (Groundball, 4, EV 100.6 MPH)
|
|
Batting: RHB Bill Turcotte
|
0-0: Ball 1-0: Ball 2-0: Ball 3-0: Base on Balls
|
|
Batting: RHB Allen Jarvis
|
0-0: Fly out, F9 (Flyball, 9LM, EV 76.9 MPH)
|
|
Batting: LHB Chris Gonzales
|
0-0: SINGLE (Line Drive, 5L, EV 107.5 MPH) Bill Turcotte to second
|
|
Batting: RHB Emanuel Pulido
|
0-0: Called Strike 0-1: Ground out 4-3 (Groundball, 4, EV 92.5 MPH)
|
| Top of the 7th over - 0 runs, 1 hit, 0 errors, 2 left on base; Rice University 6 - Stanford University 3 |
| BOTTOM OF THE 7TH |
|
Stanford University Cardinal batting - Pitching for Rice University Owls : LHP Bill Cheatham
|
|
Pitching: LHP Joe Fleury
|
|
|
Batting: RHB Josh Benefield
|
0-0: Ground out 2-3 (Groundball, 2R, EV 70.0 MPH)
|
|
Batting: RHB Joe Petley
|
0-0: Ball 1-0: Foul Ball, location: 2F 1-1: Swinging Strike 1-2: DOUBLE (Flyball, 78D, EV 100.0 MPH)
|
|
Batting: RHB Gary Preston
|
0-0: Called Strike 0-1: Fly out, F9 (Flyball, 9D, EV 96.9 MPH)
|
|
Batting: RHB Mike Gard
|
0-0: Called Strike 0-1: Fly out, F3 (Popup, 3F, EV 68.8 MPH)
|
| Bottom of the 7th over - 0 runs, 1 hit, 0 errors, 1 left on base; Rice University 6 - Stanford University 3 |
| TOP OF THE 8TH |
|
Rice University Owls batting - Pitching for Stanford University Cardinal : RHP Warren Waldman
|
|
Pitching: LHP Larry Steen
|
|
|
Batting: RHB Jose Soto
|
0-0: Ball 1-0: Foul Ball, location: 2F 1-1: Foul Ball, location: 2F 1-2: Ball 2-2: Strikes out swinging
|
|
Batting: RHB Neil Worth
|
0-0: Called Strike 0-1: Ball 1-1: DOUBLE (Line Drive, 7LD, EV 104.4 MPH)
|
|
Batting: RHB Nick Biel
|
0-0: Ball 1-0: SINGLE (Line Drive, 89S, EV 103.1 MPH) Neil Worth to third Runner from 3rd tries for Home, SAFE, throw by RF to home
|
|
Batting: SHB Dave Van Sickle
|
0-0: Ball 1-0: Called Strike 1-1: Called Strike 1-2: Foul Ball, location: 2F 1-2: Foul Ball, location: 2F 1-2: Fly out, F7 (Flyball, 7, EV 88.8 MPH)
|
|
Batting: RHB Alex Alvarez
|
0-0: Ball 1-0: Foul Ball, location: 2F 1-1: Foul Ball, location: 2F 1-2: Ball 2-2: Ground out 4-3 (Groundball, 4, EV 86.2 MPH)
|
| Top of the 8th over - 1 run, 2 hits, 0 errors, 1 left on base; Rice University 7 - Stanford University 3 |
| BOTTOM OF THE 8TH |
|
Stanford University Cardinal batting - Pitching for Rice University Owls : LHP Joe Fleury
|
|
Pitching: RHP Michael Benford
|
|
|
Batting: LHB Bryan Davidson
|
0-0: Ball 1-0: Called Strike 1-1: Swinging Strike 1-2: Ball 2-2: Foul Ball, location: 2F 2-2: SOLO HOME RUN (Flyball, 89XD, EV 103.8 MPH), Distance : 426 ft
|
|
Batting: LHB Andy Swan
|
0-0: Ball 1-0: Ball 2-0: DOUBLE (Line Drive, 9LS, EV 98.1 MPH)
|
|
Batting: RHB Dzevat Koljevic
|
0-0: Called Strike 0-1: Ground out 4-3 (Groundball, 4, EV 88.1 MPH) Andy Swan to third
|
|
Batting: RHB Joe Gabriel
|
0-0: Called Strike 0-1: Called Strike 0-2: Ground out 4-3 (Groundball, 4, EV 103.1 MPH) Andy Swan scores
|
|
Batting: RHB Ted Hickey
|
0-0: Called Strike 0-1: Foul Ball, location: 2F 0-2: Ground out 6-3 (Groundball, 6, EV 82.5 MPH)
|
| Bottom of the 8th over - 2 runs, 2 hits, 0 errors, 0 left on base; Rice University 7 - Stanford University 5 |
| TOP OF THE 9TH |
|
Rice University Owls batting - Pitching for Stanford University Cardinal : LHP Larry Steen
|
|
Pitching: LHP Marco Mendez
|
|
|
Batting: RHB Bill Turcotte
|
0-0: Ball 1-0: Foul Ball, location: 2F 1-1: Foul Ball, location: 2F 1-2: Ball 2-2: Foul Ball, location: 2F 2-2: Fly out, F8 (Flyball, 8LD, EV 97.5 MPH)
|
|
Batting: RHB Allen Jarvis
|
0-0: Called Strike 0-1: Called Strike 0-2: Ball 1-2: TRIPLE (Flyball, 89XD, EV 95.6 MPH)
|
|
Batting: LHB Chris Gonzales
|
0-0: 2-RUN HOME RUN (Flyball, 7D, EV 107.5 MPH), Distance : 404 ft
|
|
Batting: RHB Emanuel Pulido
|
0-0: Foul Ball, location: 2F 0-1: Swinging Strike 0-2: Strikes out swinging
|
|
Pinch Hitting: SHB Steve Wipf
|
0-0: Foul Ball, location: 2F 0-1: Ball 1-1: Ball 2-1: Foul Ball, location: 2F 2-2: Ground out 5-3 (Groundball, 5L, EV 87.5 MPH)
|
| Top of the 9th over - 2 runs, 2 hits, 0 errors, 0 left on base; Rice University 9 - Stanford University 5 |
| BOTTOM OF THE 9TH |
|
Stanford University Cardinal batting - Pitching for Rice University Owls : RHP Michael Benford
|
|
Pitching: RHP Chris Hallman
|
|
|
Now in LF: Steve Wipf
|
|
|
Batting: RHB Josh Benefield
|
0-0: Called Strike 0-1: Ground out 4-3 (Groundball, 4S, EV 81.9 MPH)
|
|
Batting: RHB Joe Petley
|
0-0: Ball 1-0: Called Strike 1-1: Swinging Strike 1-2: Foul Ball, location: 2F 1-2: Strikes out swinging
|
|
Batting: RHB Gary Preston
|
0-0: Ball 1-0: Swinging Strike 1-1: Swinging Strike 1-2: Ball 2-2: Ball 3-2: Ground out 4-3 (Groundball, 4, EV 86.9 MPH)
|
| Bottom of the 9th over - 0 runs, 0 hits, 0 errors, 0 left on base; Rice University 9 - Stanford University 5 |
|